 Dungeon Crawl Stone Soup version 0.31-a0-931-g7b59d4eb97 (webtiles) character file.

Game seed: 1581351213683046881

8242 DocEon the Severer (level 11, -9/126 HPs)
             Began as a Hill Orc Fighter on Oct 19, 2023.
             Was an Elder of Hepliaklqana.
             Mangled by bakla's ghost (18 damage)
             ... on level 10 of the Dungeon.
             The game lasted 00:10:26 (9829 turns).

DocEon the Severer (Hill Orc Fighter)               Turns: 9829, Time: 00:10:26

Health: -9/126     AC: 25    Str: 22      XL:     11   Next: 27%
Magic:  11/11      EV:  2    Int:  8      God:    Hepliaklqana [****..]
Gold:   144        SH: 15    Dex: 10 (12) Spells: 10/10 levels left

rFire   + . .        B - +1 war axe (venom)
rCold   . . .        k - +0 kite shield
rNeg    . . .        l - melded +3 scale mail {rF+}
rPois   +            E - melded +2 hat
rElec   .            (cloak currently unavailable)
rCorr   .            (gloves currently unavailable)
SInv    +            q - melded +0 pair of boots
Will    .....        y - amulet of reflection
Stlth   +            j - ring of see invisible
HPRegen 0.41/turn    u - ring of protection from fire
MPRegen 0.12/turn

%: reflection
@: tree-form
A: stationary, stasis, torment immunity, boosted hp, reduced essence
a: Renounce Religion, Recall Ancestor, Ancestor Identity, Transference, Idealise


You were on level 10 of the Dungeon.
You worshipped Hepliaklqana.
Hepliaklqana was greatly pleased with you.
You were a tree.
You visited 1 branch of the dungeon, and saw 10 of its levels.

You collected 594 gold pieces.
You spent 450 gold pieces at shops.

Inventory:

Hand Weapons
 a - a +1 war axe
 b - a +2 hand axe of flaming
 B - a +1 war axe of venom (weapon)
Missiles
 h - a throwing net
Armour
 k - a +0 kite shield (worn)
 l - a +3 scale mail of fire resistance (melded)
 q - a +0 pair of boots (melded)
 E - a +2 hat (melded)
Jewellery
 j - a ring of see invisible (left branch)
 p - a +6 ring of dexterity
 u - a ring of protection from fire (right branch)
 y - an amulet of reflection (around neck)
 C - a ring of poison resistance
Wands
 o - a wand of light (4)
 s - a wand of charming (20)
Scrolls
 c - a scroll of revelation
 d - 3 scrolls of poison
 n - a scroll of torment
 r - 4 scrolls of teleportation
 t - 2 scrolls of enchant weapon
 A - a scroll of identify
 D - a scroll of vulnerability
Potions
 e - 3 potions of magic
 f - a potion of lignification
 g - 3 potions of brilliance
 m - 2 potions of might
 v - a potion of cancellation
 w - a potion of enlightenment {unknown}
 x - a potion of mutation
 z - a potion of ambrosia {unknown}


   Skills:
 + Level 8.1 Fighting
 - Level 15.6 Axes
 + Level 7.5 Armour
 * Level 10.1 Shields


You had 10 spell levels left.
You didn't know any spells.
Your spell library contained the following spells:

 Spells                   Type           Power      Damage    Failure   Level
 Slow                     Hex            0%         N/A       61%         1
 Cigotuvi's Dreadful Rot  Necr/Pois/Air  0%         N/A       75%         2
 Scorch                   Fire           0%         2d5       75%         2
 Sublimation of Blood     Necr           0%         N/A       75%         2
 Wereblood                Tmut           0%         N/A       75%         2
 Confusing Touch          Hex            0%         N/A       93%         3
 Ignite Poison            Fire/Tmut/Pois 0%         N/A       93%         3
 Ozocubu's Armour         Ice            0%         N/A       93%         3
 Sigil of Binding         Hex            0%         N/A       93%         3
 Vampiric Draining        Necr           0%         2d6       93%         3
 Flame Wave               Conj/Fire      0%         2d4       100%        4
 Passage of Golubria      Tloc           0%         N/A       100%        4
 Freezing Cloud           Conj/Ice/Air   0%         6-21      100%        5
 Metabolic Englaciation   Hex/Ice        0%         N/A       100%        5
 Silence                  Hex/Air        0%         N/A       100%        5
 Simulacrum               Ice/Necr       0%         N/A       100%        6
 Summon Cactus Giant      Summ           0%         N/A       100%        6
 Summon Hydra             Summ           0%         N/A       100%        7
 Lehudib's Crystal Spear  Conj/Erth      0%         10d2      100%        8


Dungeon Overview and Level Annotations

Branches:
Dungeon (10/15)            Temple (0/1) D:6            Lair (0/5) D:10
    Orc: D:9-12

Altars:
Dithmenos
Gozag
Hepliaklqana
Nemelex Xobeh
Uskayaw
Xom

Shops:
D:5 ((   D:7 *   D:8 [   D:9 :   D:10 [([([

Annotations:
D:3 2 transporters
D:10 1 transporter, bakla's ghost, journeyman BaFi


Message History

* * * LOW HITPOINT WARNING * * *
Xiu misses bakla's ghost.
You hit bakla's ghost but do no damage.
Bakla's ghost is moderately damaged.
Xiu completely misses bakla's ghost.
You block bakla's ghost's attack.
Xiu closely misses bakla's ghost.
You miss bakla's ghost.
Bakla's ghost is moderately damaged.
Xiu hits bakla's ghost but does no damage.
You hit bakla's ghost.
Bakla's ghost is heavily damaged.
Bakla's ghost says, "Ah, a second chance to prove myself in battle!"
You block bakla's ghost's attack.
Xiu barely misses bakla's ghost.
Xiu hits bakla's ghost with a +0 dagger of draining.
You slash bakla's ghost!
Bakla's ghost is severely damaged.
Bakla's ghost hits you but does no damage.
Xiu hits bakla's ghost with a +0 dagger of draining.
Xiu barely misses bakla's ghost.
You closely miss bakla's ghost.
Bakla's ghost is severely damaged.
Bakla's ghost hits you!
* * * LOW HITPOINT WARNING * * *
Xiu hits bakla's ghost but does no damage.
You miss bakla's ghost.
Bakla's ghost is severely damaged.
Xiu hits bakla's ghost with a +0 dagger of draining!
You block bakla's ghost's attack.
Xiu misses bakla's ghost.
You closely miss bakla's ghost.
Bakla's ghost is severely damaged.
Xiu hits bakla's ghost but does no damage.
You miss bakla's ghost.
Bakla's ghost is severely damaged.
You block bakla's ghost's attack.
Xiu hits bakla's ghost with a +0 dagger of draining!
Xiu closely misses bakla's ghost.
You hit bakla's ghost.
Bakla's ghost is almost destroyed.
Bakla's ghost hits you!!
You die...

########'##.....#####.......##...
#....#.###.....#.#####.+.#).
#.................####.#.##.
#.....####.©.####......#....
#######..###. #####..##.....#####
........##..#..?!(...5#..####..#∩
...(....#....###=..##.##.#.....#.
#.......##.#...R.#.....#.#.....#♣
#........#©..#.W♣..##.3#.#......#
#........#..##..#......#.#####'##
##.....#.#....#. .#...##.........
#...#..#.##..... #....#..........
#......#..##5### .#####..).......
##.....#...###©####...........###
##.....#..............#.......#
##.....#..............#.......#
##.....#..............#.......#


You could see the friendly Xiu the hexer and bakla's ghost (ally target).

Vanquished Creatures
  A gargoyle (D:10)
  Sigmund (D:2)
  8 yaks
  A neqoxec (D:10)
  A water moccasin (D:8)
  A sky beast (D:7)
  2 ice beasts
  2 black bears
  2 orc warriors
  A wolf (D:10)
  4 centaurs
  4 phantoms
  3 bullfrogs
  A gnoll sergeant (D:7)
  A scorpion (D:6)
  A jelly (D:7)
  3 wights (D:7)
  9 killer bees
  6 electric eels
  4 howler monkeys
  3 quasits (D:10)
  3 orc priests
  5 hounds
  2 sleepcaps
  Terence (D:2)
  Jessica (D:2)
  4 gnoll boudas
  5 iguanas
  7 orc wizards
  Natasha (D:3)
  Robin (D:2)
  20 gnolls
  An adder (D:4)
  A shadow imp (D:7)
  A worm (D:4)
  2 dart slugs
  35 orcs
  8 ball pythons
  4 endoplasms
  3 giant cockroaches
  14 goblins
  8 hobgoblins
  10 jackals
  4 quokkas
  8 bats
  3 frilled lizards
  11 kobolds
  4 rats
226 creatures vanquished.

Vanquished Creatures (collateral kills)
  A two-headed ogre (D:10)
  A troll (D:10)
  A shadow (D:10)
  3 yaks
  A neqoxec (D:10)
  An acid dragon (D:10)
  An ice beast (D:7)
  A phantom (D:6)
  2 centaurs
  A kobold brigand (D:9)
  A bullfrog (D:7)
  A scorpion (D:5)
  A wight (D:7)
  2 killer bees
  A howler monkey (D:9)
  2 electric eels (D:7)
  A quasit (D:10)
  2 hounds (D:10)
  An orc priest (D:7)
  An iguana (D:7)
  2 gnolls (D:7)
  A shadow imp (D:7)
  7 orcs
  2 kobolds (D:9)
38 creatures vanquished.

Vanquished Creatures (others)
  A hexer (D:9)
1 creature vanquished.

Grand Total: 265 creatures vanquished

Notes
Turn   | Place    | Note
-------+----------+-------------------------------------------
     0 | D:1      | DocEon the Hill Orc Fighter began the quest for the Orb.
     0 | D:1      | Reached XP level 1. HP: 19/19 MP: 1/1
   176 | D:1      | Reached skill level 3 in Axes
   372 | D:1      | Reached XP level 2. HP: 24/26 MP: 2/2
   664 | D:1      | Reached skill level 4 in Axes
   948 | D:2      | Noticed Jessica
   948 | D:2      | Noticed Robin
   970 | D:1      | Reached XP level 3. HP: 30/31 MP: 3/3
  1139 | D:2      | Reached skill level 5 in Axes
  1146 | D:2      | Killed Robin
  1147 | D:2      | Killed Jessica
  1148 | D:2      | Reached XP level 4. HP: 39/39 MP: 4/4
  1194 | D:2      | Reached skill level 6 in Axes
  1349 | D:2      | Noticed Sigmund
  1359 | D:2      | Killed Sigmund
  1360 | D:2      | Reached skill level 8 in Axes
  1360 | D:2      | Reached XP level 5. HP: 16/45 MP: 5/5
  1360 | D:2      | Reached XP level 6. HP: 18/51 MP: 6/6
  1560 | D:2      | Noticed Terence
  1580 | D:2      | Killed Terence
  1756 | D:3      | Found a transporter.
  1969 | D:3      | Found a transporter.
  1996 | D:3      | Reached skill level 9 in Axes
  2067 | D:3      | Noticed Natasha
  2075 | D:3      | Killed Natasha
  2613 | D:4      | Found a hazy altar of Hepliaklqana.
  2678 | D:4      | Reached XP level 7. HP: 41/57 MP: 7/7
  2699 | D:4      | Became a worshipper of Hepliaklqana the Forgotten
  2866 | D:4      | Reached skill level 10 in Axes
  3116 | D:5      | Entered Level 5 of the Dungeon
  3288 | D:5      | Reached skill level 11 in Axes
  3382 | D:5      | Found Vuridgh's Weapon Shop.
  3383 | D:5      | Found Cien's Weapon Boutique.
  3534 | D:5      | Reached XP level 8. HP: 56/64 MP: 8/8
  3598 | D:5      | Reached skill level 12 in Axes
  3749 | D:5      | Reached * piety under Hepliaklqana
  4267 | D:6      | Reached skill level 13 in Axes
  4506 | D:6      | Reached ** piety under Hepliaklqana
  4507 | D:6      | Remembered your ancestor Xiu as a hexer
  4521 | D:6      | Reached skill level 14 in Axes
  4616 | D:6      | Reached XP level 9. HP: 51/63 MP: 9/9
  4740 | D:6      | Found a sparkling altar of Nemelex Xobeh.
  4771 | D:6      | Found a staircase to the Ecumenical Temple.
  5106 | D:7      | Found Huobe Xig's CLEARANCE SALE!.
  5145 | D:7      | Reached skill level 15 in Axes
  5911 | D:7      | Reached *** piety under Hepliaklqana
  6172 | D:7      | Reached skill level 5 in Shields
  6532 | D:7      | Reached skill level 5 in Fighting
  6685 | D:8      | Found a shimmering altar of Xom.
  6739 | D:8      | Found a shimmering altar of Xom.
  6756 | D:8      | Reached XP level 10. HP: 25/72 MP: 10/10
  6758 | D:8      | Reached skill level 5 in Armour
  7343 | D:8      | Found Acyqiset's Antique Armour Emporium.
  7721 | D:8      | Found a shadowy altar of Dithmenos.
  7987 | D:9      | Found a hide-covered altar of Uskayaw.
  8397 | D:9      | Found Ufrate's Book Shop.
  8400 | D:9      | Found an opulent altar of Gozag.
  8543 | D:10     | Entered Level 10 of the Dungeon
  8559 | D:10     | Found Logrips's Armour Shoppe.
  8575 | D:10     | Reached **** piety under Hepliaklqana
  8671 | D:10     | Found Fuisoirr's Armour Shop.
  8673 | D:10     | Found Vuales's Weapon Shop.
  8778 | D:10     | Noticed bakla's ghost (journeyman BaFi)
  8788 | D:10     | Found a transporter.
  8799 | D:10     | Found Ilio's Antique Weapon Shop.
  8836 | D:10     | Bought a glowing war axe for 156 gold pieces
  9054 | D:10     | Noticed a gargoyle
  9055 | D:10     | Found a staircase to the Lair.
  9067 | D:10     | Reached XP level 11. HP: 46/82 MP: 11/11
  9306 | D:10     | Found Okasuwut's Antique Armour Shoppe.
  9313 | D:10     | Bought an embroidered hat for 147 gold pieces
  9313 | D:10     | Bought a runed hat for 147 gold pieces
  9413 | D:10     | Noticed a two-headed ogre
  9419 | D:10     | Killed a two-headed ogre
  9539 | D:10     | Found a transporter.
  9806 | D:10     | Reached skill level 10 in Shields
  9829 | D:10     | Mangled by bakla's ghost

Illustrated notes

Levels and vault maps discovered:
D:1:      beargit_arrival_greenhouse, layout_loops_corners,
          hangedman_feature_mirror
D:2:      layout_rooms, uniq_jessica, uniq_robin, uniq_sigmund, uniq_terence
D:3:      gammafunk_wand_slinger, layout_loops_ring, uniq_natasha
D:4:      layout_rooms, mainiacjoe_overflow_boulevard, hangedman_feature_mirror
D:5:      layout_cave_pods, serial_shops, nicolae_shop_waterfront,
          nicolae_shop_tiny_statue_garden
D:6:      layout_basic, mainiacjoe_overflow_paths, temple_green
D:7:      layout_gridville, chequers_big_river, kennysheep_flooded_box,
          nicolae_shop_clearance
D:8:      layout_loops_corners, mainiacjoe_overflow_catwalk_spiral,
          serial_shops, nicolae_shop_just_a_little_nook, enter_bailey_5,
          minmay_ruined_shrine
D:9:      layout_cave_pools, nicolae_gozag_seed_capital,
          mainiacjoe_overflow_brackets, serial_shops, nicolae_shop_statue_plus,
          minmay_holes, fungi_pond_lemuel
D:10:     layout_stronghold, erik_lair_island, serial_shops,
          nicolae_shop_hallway_stairs, nicolae_take_the_stairs,
          nicolae_shop_bloodbath_and_beyond, nicolae_shop_pleasant_corner_grove,
          nicolae_shop_window_shopping, gammafunk_ghost_stat_death

Skill      XL: |  1  2  3  4  5  6  7  8  9 10 11 |
---------------+----------------------------------+-----
Axes           | 3 4 5 8 9 11 14 15 | 15.6
Fighting       | 5 7 8 |  8.1
Shields        | 6 9 10 | 10.1
Armour         | 4 6 7 |  7.5

Action                     |  1- 3 |  4- 6 |  7- 9 | 10-12 || total
---------------------------+-------+-------+-------+-------++-------
  Melee: War axe           |    86 |   149 |   274 |   212 ||   721
         Hand axe          |       |       |     4 |       ||     4
 Invoke: Ancestor Life: He |       |       |     1 |       ||     1
         Ancestor Identity |       |       |     1 |       ||     1
  Evoke: Wand              |       |       |     3 |     4 ||     7
    Use: Scroll            |     2 |     7 |     4 |     1 ||    14
         Potion            |       |     1 |       |     5 ||     6
   Stab: Confused          |       |       |     7 |     2 ||     9
         Distracted        |       |       |     3 |     5 ||     8
 Armour: Scale mail        |    75 |    72 |   187 |   109 ||   443
         Skin              |       |       |       |   101 ||   101
  Dodge: Dodged            |    61 |    52 |    88 |    56 ||   257
  Block: Buckler           |     8 |       |       |       ||     8
         Kite shield       |    46 |    60 |   105 |   173 ||   384
         Reflection        |       |       |       |     5 ||     5

Table legend: (Time is in decaauts)
 A = Elapsed time spent in this place.
 B = Non-inter-level travel time spent in this place.
 C = Inter-level travel time spent in this place.
 D = Time resting spent in this place.
 E = Time spent auto-exploring this place.
 F = Levels seen in this place.
 G = Mean time per level.
                   A        B        C        D        E       F      G
               +--------+--------+--------+--------+--------+-----+--------+
         Total |   9869 |   9605 |    264 |   1591 |   6390 |  10 |  986.9 |
       Dungeon |   9869 |   9605 |    264 |   1591 |   6390 |  10 |  986.9 |
               +--------+--------+--------+--------+--------+-----+--------+

Top non-repeatable levels by time:
     D:7: 1344 daAuts
     D:8: 1297 daAuts
    D:10: 1271 daAuts
     D:1: 1142 daAuts
     D:6: 1057 daAuts
     D:5: 1002 daAuts
     D:3: 860 daAuts
     D:4: 697 daAuts
     D:2: 636 daAuts
     D:9: 559 daAuts
